 Dungeon Crawl Stone Soup version 0.29.0-11-gd7f09526c8 (webtiles) character file.

Game seed: 9060679236007741239

334 Flugkiller the Chopper (level 6, -1/56 HPs)
             Began as a Minotaur Fighter on Sept 3, 2022.
             Was an Initiate of Gozag.
             Slain by Menkaure (8 damage)
             ... on level 4 of the Dungeon.
             The game lasted 00:01:31 (2966 turns).

Flugkiller the Chopper (Minotaur Fighter)           Turns: 2966, Time: 00:01:31

Health: -1/56      AC:  8    Str: 21    XL:     6   Next: 27%
Magic:  5/5        EV:  9    Int:  5    God:    Gozag
Gold:   200        SH:  4    Dex: 11    Spells: 5/5 levels left

rFire   . . .      SeeInvis .   a - +0 war axe
rCold   . . .      Faith    .   c - +0 buckler
rNeg    . . .      Spirit   .   b - +0 scale mail
rPois   .          Reflect  .   (helmet restricted)
rElec   .          Harm     .   q - +0 cloak
rCorr   .          Rampage  .   (no gloves)
Will    .....                   (no boots)
Stlth   ..........              (no amulet)
HPRegen 0.18/turn               (no ring)
MPRegen 0.09/turn               (no ring)

@: no status effects
A: horns 2, retaliatory headbutt
a: Renounce Religion, Potion Petition, Call Merchant, Bribe Branch


You were on level 4 of the Dungeon.
You worshipped Gozag.
Gozag was aware of your devotion.
You visited 1 branch of the dungeon, and saw 4 of its levels.

You collected 240 gold pieces.
You paid 40 gold pieces to Gozag.

Inventory:

Hand Weapons
 a - a +0 war axe (weapon)
Missiles
 p - 10 boomerangs (quivered)
Armour
 b - a +0 scale mail (worn)
 c - a +0 buckler (worn)
 q - a +0 cloak (worn)
   (You found it on level 2 of the Dungeon)
Scrolls
 e - 3 scrolls of identify {unknown}
 f - 2 scrolls of blinking {unknown}
 h - 2 scrolls of immolation {unknown}
 k - a scroll of fog {unknown}
 l - a scroll of summoning {unknown}
 r - a scroll of noise {unknown}
 s - 2 scrolls of teleportation {unknown}
 t - a scroll of vulnerability {unknown}
Potions
 d - 2 potions of might
 g - a potion of lignification {unknown}
 i - a potion of haste {unknown}
 j - a potion of heal wounds {unknown}
 m - 2 potions of flight {unknown}
 n - a potion of attraction {unknown}
 o - a potion of mutation {unknown}
 u - a potion of cancellation {unknown}
 v - a potion of degeneration {unknown}


   Skills:
 + Level 5.2 Fighting
 * Level 5.9 Axes
 + Level 5.3 Armour
 - Level 3.6 Shields


You had 5 spell levels left.
You didn't know any spells.
Your spell library was empty.

Dungeon Overview and Level Annotations

Branches:
Dungeon (4/15)
 Temple: D:4-7

Altars:
Ashenzari
Dithmenos
Gozag
Hepliaklqana

Annotations:
D:4 Menkaure


Innate Abilities, Weirdness & Mutations

You have a pair of horns on your head.
You reflexively headbutt those who attack you in melee.


Message History

You slash the orc!
You kill the orc!
A hound comes into view.
The hound bites you but does no damage.
You hit the hound.
The hound is lightly wounded.
The hound bites you but does no damage.
The hound is distracted by your dazzling golden aura.
You barely miss the hound.
The hound is no longer distracted by gold.
The hound barks!
The hound is lightly wounded.
The hound bites you. x2
* * * LOW HITPOINT WARNING * * *
You barely miss the hound. You headbutt the hound!
The hound is severely wounded.
The hound barely misses you. The hound closely misses you.
You miss the hound.
The hound is severely wounded.
You hear a shout!
The hound barely misses you. You furiously retaliate!
You headbutt the hound. You closely miss the hound.
Your headbutt misses the hound.
The hound is almost dead.
The hound bites you but does no damage. The hound barely misses you.
You hit the hound.
You kill the hound!
An orc priest comes into view. It is wielding a +0 hand axe.
You slash the orc priest!
The orc priest is heavily wounded.
You block the orc priest's attack.
You closely miss the orc priest.
The orc priest is heavily wounded.
The orc priest begins to cast a cantrip, but forgets the words!
The orc priest hits you but does no damage.
You slash the orc priest!
You kill the orc priest!
A kobold comes into view. It is wielding a +0 dagger.
You barely miss the kobold. The kobold barely misses you.
You hit the kobold.
The kobold is severely wounded.
The kobold barely misses you.
You closely miss the kobold.
The kobold is severely wounded.
You block the kobold's attack. The kobold closely misses you.
You slash the kobold!
You kill the kobold!
You now have 200 gold pieces (gained 28).
v - a sapphire potion
Items here: ( )))) [.
An endoplasm comes into view.
The endoplasm quivers.
An endoplasm is nearby!
An endoplasm is nearby!
You are too injured to fight recklessly!
You are too injured to fight recklessly!
You are too injured to fight recklessly!
You slash the endoplasm!
You kill the endoplasm!
You are too injured to fight recklessly!
You are too injured to fight recklessly!
Menkaure, Prince of Dust comes into view.
Menkaure shouts!
You see here 8 gold pieces.
You are too injured to fight recklessly!
Menkaure is nearby!
Menkaure is nearby!
Menkaure mumbles some strange words.
Menkaure seems to speed up.
There is a stone staircase leading up here.
You climb upwards.
There is a stone staircase leading down here.
You start resting.
HP restored.
You climb downwards.
Level annotation: Menkaure
There is a stone staircase leading up here.
Menkaure calls on the powers of darkness!
Your body is wracked with pain!
Menkaure blazes with dark energy!
Menkaure hits you!
* * * LOW HITPOINT WARNING * * *
You see here 8 gold pieces.
You are too injured to fight recklessly!
You are too injured to fight recklessly!
You are too injured to fight recklessly!
You hit Menkaure but do no damage. Your headbutt misses Menkaure.
You block Menkaure's attack.
You slash Menkaure! Your headbutt misses Menkaure.
Menkaure is heavily damaged.
Menkaure hits you!
* * * LOW HITPOINT WARNING * * *
You barely miss Menkaure. Your headbutt misses Menkaure.
Menkaure is heavily damaged.
Menkaure casts a spell.
Menkaure seems to speed up.
You hit Menkaure. Your headbutt misses Menkaure.
Menkaure is heavily damaged.
Menkaure hits you!
You die...
Your body crumbles into a pile of gold.

#.#......###.#####...
#(..##.## ##........
#...###.###.#####.##
##..###<.#.....>..# $
#.........########
#.......<##
####.....# #....##
##.#@# #...M# #......
..........
###......## ##....##
##.#.# #.#..


You could see Menkaure (fast).

Vanquished Creatures
  A water moccasin (D:4)
  An orc priest (D:4)
  A hound (D:4)
  An orc wizard (D:4)
  3 gnolls (D:2)
  2 adders
  3 worms (D:3)
  4 dart slugs
  An orc (D:4)
  6 ball pythons
  9 endoplasms
  7 giant cockroaches
  5 goblins
  3 hobgoblins
  2 jackals (D:1)
  13 kobolds
  6 quokkas
  6 bats
  4 frilled lizards
  5 rats
83 creatures vanquished.

Vanquished Creatures (others)
  An orc (D:4)
1 creature vanquished.

Grand Total: 84 creatures vanquished

Notes
Turn   | Place    | Note
-------+----------+-------------------------------------------
     0 | D:1      | Flugkiller the Minotaur Fighter began the quest for the
                  | Orb.
     0 | D:1      | Reached XP level 1. HP: 19/19 MP: 0/0
    44 | D:1      | Found a faded altar of an unknown god.
    82 | D:1      | Reached XP level 2. HP: 27/27 MP: 1/1
   431 | D:1      | Reached XP level 3. HP: 33/33 MP: 2/2
  1430 | D:2      | Reached XP level 4. HP: 16/40 MP: 3/3
  2150 | D:3      | Found a hazy altar of Hepliaklqana.
  2232 | D:3      | Found an opulent altar of Gozag.
  2238 | D:3      | Became a worshipper of Gozag Ym Sagoz the Greedy
  2380 | D:3      | Found a broken altar of Ashenzari.
  2512 | D:3      | Reached XP level 5. HP: 47/47 MP: 4/4
  2574 | D:3      | Found a shadowy altar of Dithmenos.
  2660 | D:4      | Noticed a water moccasin
  2669 | D:4      | Killed a water moccasin
  2670 | D:4      | Reached skill level 5 in Fighting
  2670 | D:4      | Reached skill level 5 in Axes
  2670 | D:4      | Reached skill level 5 in Armour
  2737 | D:4      | Reached XP level 6. HP: 21/56 MP: 5/5
  2761 | D:4      | Noticed Menkaure
  2966 | D:4      | Slain by Menkaure

Illustrated notes

Levels and vault maps discovered:
D:1:      nzn_arrival_crosshair, layout_basic, shapermc_ecumenical_altar_pompeii
D:2:      layout_basic, supply_closet_lemuel, grunt_ministairs_6, minivault_23
D:3:      layout_rooms, mainiacjoe_overflow_chevrons, lemuel_tele_altar,
          mainiacjoe_overflow_small_starburst, mainiacjoe_overflow_brackets
D:4:      layout_loops_ring, uniq_natasha, uniq_crazy_yiuf_cottage, uniq_pikel,
          uniq_eustachio, uniq_menkaure

Skill      XL: |  1  2  3  4  5 |
---------------+----------------+-----
Axes           | 3 4 5 |  5.9
Fighting       | 4 5 |  5.2
Armour         | 4 5 |  5.3
Shields        | |  3.6

Action                   |  1- 3 |  4- 6 || total
-------------------------+-------+-------++-------
Melee: War axe           |    80 |   101 ||   181
       Headbutt          |    11 |     7 ||    18
Armor: Scale mail        |    39 |    37 ||    76
Dodge: Dodged            |    52 |    45 ||    97
Block: Buckler           |    22 |    22 ||    44
